 Dungeon Crawl Stone Soup version 0.32-a0-571-gec57dfcd37 (webtiles) character file.

Game seed: 10120795420643428093

396 BeKind the Shield-Bearer (level 6, -2/43 HPs)
             Began as an Octopode Fighter on Mar 1, 2024.
             Was an Initiate of Okawaru.
             Slain by a hornet (11 damage)
             ... on level 4 of the Dungeon.
             The game lasted 00:04:08 (3394 turns).

BeKind the Shield-Bearer (Octopode Fighter)         Turns: 3394, Time: 00:04:09

Health: -2/43      AC:  1    Str: 17    XL:     6   Next: 82%
Magic:  4/6        EV: 16    Int: 10    God:    Okawaru [......]
Gold:   186        SH:  6    Dex: 12    Spells: 4/5 levels left

rFire   . . .        a - +0 trident
rCold   . . .        b - +0 buckler
rNeg    + . .        (helmet restricted)
rPois   .            (no amulet)
rElec   .            p - ring of positive energy
rCorr   .            (no ring)
SInv    .            (no ring)
Will    .....        (no ring)
Stlth   ++++         (no ring)
HPRegen 0.27/turn    (no ring)
MPRegen 0.10/turn    (no ring)
                     (no ring)

%: no passive effects
@: lethally poisoned (-2 -> -21), heroic, slowed, very slow
A: almost no armour, amphibious, 8 rings, camouflage 1, gelatinous body 1,
(nimble swimmer 1), tentacles
a: Renounce Religion


You were on level 4 of the Dungeon.
You worshipped Okawaru.
Okawaru was noncommittal.
You visited 1 branch of the dungeon, and saw 4 of its levels.

You collected 186 gold pieces.

Inventory:

Hand Weapons
 a - a +0 trident (weapon)
Armour
 b - a +0 buckler (worn)
Jewellery
 p - a ring of positive energy (left tentacle)
Scrolls
 f - 3 scrolls of blinking {unknown}
 g - a scroll of immolation {unknown}
 i - 3 scrolls of identify {unknown}
 j - a scroll of teleportation {unknown}
 k - a scroll of amnesia {unknown}
 q - a scroll of fog {unknown}
 r - 2 scrolls of noise {unknown}
 s - a scroll of enchant armour {unknown}
 t - a scroll of enchant weapon {unknown}
Potions
 c - 4 potions of might
 d - a potion of haste {unknown}
 e - 3 potions of enlightenment {unknown}
 h - 2 potions of attraction {unknown}
 l - a potion of resistance {unknown}
 m - 3 potions of degeneration {unknown}
 n - a potion of berserk rage {unknown}
 o - 2 potions of invisibility {unknown}


   Skills:
 + Level 4.2(9.2) Fighting
 + Level 3.5(8.5) Polearms
 + Level 4.2(9.2) Dodging
 * Level 5.0(10.0) Shields
 + Level 0.3 Spellcasting
 + Level 0.4 Conjurations


You had 4 spell levels left.
You knew the following spells:

 Your Spells              Type           Power      Damage    Failure   Level
a - Magic Dart            Conj           4%         1d3       36%         1

Your spell library contained the following spells:

 Spells                   Type           Power      Damage    Failure   Level
 Sting                    Conj/Alch      0%         1d3       38%         1
 Searing Ray              Conj           2%         2d4       50%         2
 Mercury Vapours          Alch/Air       0%         N/A       54%         2
 Fulminant Prism          Conj/Alch      0%         3d5       99%         4
 Olgreb's Toxic Radiance  Alch           0%         N/A       99%         4


Dungeon Overview and Level Annotations

Branches:
Dungeon (4/15)
 Temple: D:4-7

Altars:
Okawaru
Yredelemnul


Innate Abilities, Weirdness & Mutations

You cannot wear most types of armour.
You are amphibious.
You can wear up to eight rings at the same time.
Your skin changes colour to match your surroundings (Stealth+).
Your rubbery body absorbs attacks. (AC +1, EV +1)
((You are camouflaged when in or above water. (Stealth+)))
You have tentacles for arms and can constrict up to eight enemies at once.


Message History

You can now gain great but temporary skills.
Your Shields skill increases to level 5!
No target in view!
No target in view!
No target in view!
No target in view!
No target in view!
No target in view!
No target in view!
A kobold comes into view. It is wielding a +0 whip.
The kobold shouts!
A hornet comes into view.
There are monsters nearby!
You gain the combat prowess of a mighty hero.
You can no longer gain great but temporary skills.
The hornet buzzes angrily.
You hit the kobold.
You kill the kobold!
You reach to attack!
You closely miss the hornet. You closely miss the hornet.
Your grab misses the hornet. The hornet stings you.
You are poisoned.
You feel yourself slow down. The hornet stings you!
You are more poisoned.
You feel as though you will be slow longer.
You puncture the hornet! You grab the hornet.
The hornet is moderately wounded.
You constrict the hornet.
You feel very sick. You block the hornet's attack. The hornet stings you!
You are lethally poisoned!
You feel as though you will be slow longer.
You hit the hornet.
You squeeze the hornet, but do no damage.
The hornet is heavily wounded.
You constrict the hornet.
* * * LOW HITPOINT WARNING * * *
You feel extremely sick. The hornet stings you!
You die...

###..##..###
####....###
#.#.#####..####....####
##.## ###........###
##..# #######........##
##..## ##...#
#.........# #..##
##....####.#......##
#.##
##......###.........#
#.#
#........###........#
#.#
#....)@...#.........#
#.#
#.....y...#.........#
###
#...............†....#
#.............##....##
#.............###...#
#............## ##..##
#............# ##..##
###.........##
######.## ##.......#
##....#..#


You could see a hornet.

Vanquished Creatures
  A black bear (D:4)
  2 scorpions (D:4)
  A hound (D:3)
  An orc priest (D:3)
  An iguana (D:4)
  3 adders
  3 dart slugs
  2 ribbon worms
  4 orcs (D:3)
  10 bats
  7 endoplasms
  3 giant cockroaches
  5 goblins
  8 hobgoblins
  3 quokkas
  7 ball pythons
  5 frilled lizards
  5 kobolds
  4 rats
75 creatures vanquished.

Notes
Turn   | Place    | Note
-------+----------+-------------------------------------------
     0 | D:1      | BeKind the Octopode Fighter began the quest for the Orb.
     0 | D:1      | Reached XP level 1. HP: 16/16 MP: 1/1
   250 | D:1      | Reached XP level 2. HP: 14/21 MP: 2/2
   557 | D:1      | Reached XP level 3. HP: 26/26 MP: 3/3
  1761 | D:3      | Found an iron altar of Okawaru.
  1762 | D:3      | Found a basalt altar of Yredelemnul.
  1774 | D:3      | Reached XP level 4. HP: 19/31 MP: 4/4
  1881 | D:3      | Became a worshipper of Warmaster Okawaru
  2106 | D:3      | Identified the +9 falchion of Theory {heavy, rPois rC+
                  | Int+3}
  2185 | D:3      | Reached skill level 4 in Shields
  2185 | D:3      | Reached XP level 5. HP: 34/37 MP: 5/5
  3216 | D:4      | Noticed a black bear
  3219 | D:4      | Killed a black bear
  3220 | D:4      | Reached XP level 6. HP: 43/43 MP: 6/6
  3231 | D:4      | Learned a level 1 spell: Magic Dart
  3377 | D:4      | Reached * piety under Okawaru
  3378 | D:4      | Reached skill level 5 in Shields
  3386 | D:4      | Noticed a hornet
  3394 | D:4      | Slain by a hornet

Illustrated notes

Levels and vault maps discovered:
D:1:      dreamdust_arrival_sigmund_warning, layout_basic, minmay_bisected
D:2:      layout_loops_cross
D:3:      layout_basic, grunt_temple_overflow_open, roderic_lattice_a
D:4:      layout_cave_pods, minmay_quantized, uniq_pikel

Skill      XL: |  1  2  3  4  5  6 |
---------------+-------------------+-----
Polearms       | 3 |  3.5
Shields        | 4 5 |  5.0
Fighting       | 4 |  4.2
Dodging        | 4 |  4.2
Spellcasting   | |  0.3
Conjurations   | |  0.4

Action                     |  1- 3 |  4- 6 || total
---------------------------+-------+-------++-------
  Melee: Trident           |    78 |    73 ||   151
         Constrict         |     9 |    13 ||    22
         Tentacles         |     3 |     8 ||    11
 Invoke: Heroism           |       |     1 ||     1
    Use: Potion            |       |     1 ||     1
   Stab: Sleeping          |    13 |    10 ||    23
         Distracted        |     1 |     2 ||     3
 Armour: Skin              |    21 |    18 ||    39
  Dodge: Dodged            |    23 |    18 ||    41
  Block: Buckler           |    10 |     8 ||    18

Table legend: (Time is in decaauts)
 A = Elapsed time spent in this place.
 B = Non-inter-level travel time spent in this place.
 C = Inter-level travel time spent in this place.
 D = Time resting spent in this place.
 E = Time spent auto-exploring this place.
 F = Levels seen in this place.
 G = Mean time per level.
                   A        B        C        D        E       F      G
               +--------+--------+--------+--------+--------+-----+--------+
         Total |   3422 |   3262 |    160 |    106 |   2700 |   4 |  855.5 |
       Dungeon |   3422 |   3262 |    160 |    106 |   2700 |   4 |  855.5 |
               +--------+--------+--------+--------+--------+-----+--------+

Top non-repeatable levels by time:
     D:3: 1164 daAuts
     D:1: 876 daAuts
     D:2: 810 daAuts
     D:4: 571 daAuts
